 Dungeon Crawl Stone Soup version 0.28.0-43-g3370ac3207 (webtiles) character file.

Game seed: 2736547369045827960

33 Pinkishskies the Magician (level 3, 0/25 HPs)
             Began as a Djinni Fire Elementalist on Mar 10, 2022.
             Slain by a quokka (3 damage)
             ... on level 5 of the Dungeon.
             The game lasted 00:04:34 (1606 turns).

Pinkishskies the Magician (DjFE)                    Turns: 1606, Time: 00:04:35

Health: 0/25       AC:  3    Str:  7    XL:     3   Next: 47%
Gold:   47         EV: 11    Int: 18    God:
                   SH:  0    Dex: 13

rFire   + + .      SeeInvis .   (no weapon)
rCold   x . .      Faith    .   (no shield)
rNeg    . . .      Spirit   .   e - +0 leather armour
rPois   ∞          Reflect  .   (no helmet)
rElec   .          Harm     .   (no cloak)
rCorr   .          Rampage  .   (no gloves)
Will    .....                   (boots unavailable)
Stlth   ++........              (no amulet)
HPRegen 0.08/turn               (no ring)
MPRegen 0.00/turn               (no ring)

@: flying, very slightly contaminated
A: sickness immunity, fire resistance 2, cold vulnerability 1, float, innate
caster, HP casting, extra vitality 1
a: no special abilities


You were on level 5 of the Dungeon.
You visited 1 branch of the dungeon, and saw 4 of its levels.

You collected 47 gold pieces.

Inventory:

Armour
 a - a +0 robe
 e - a +0 leather armour (worn)
Wands
 f - a wand of polymorph (10)
Scrolls
 b - a scroll of silence {unknown}
Potions
 c - a potion of magic {unknown}
 d - a potion of attraction {unknown}


   Skills:
 + Level 2.3 Dodging
 + Level 1.7 Stealth
 + Level 3.2 Spellcasting


You couldn't memorise any spells.
You knew the following spells:

 Your Spells              Type           Power      Damage    Failure   Level
a - Foxfire               Conj/Fire      56%        2x1d6     6%          1
b - Scorch                Fire           28%        2d6       10%         2
c - Conjure Flame         Conj/Fire      14%        6-21      19%         3
d - Inner Flame           Hex/Fire       14%        N/A       19%         3
e - Flame Wave            Conj/Fire      14%        2d6       54%         4
f - Animate Skeleton      Necr           28%        N/A       6%          1
Your spell library was empty.

Dungeon Overview and Level Annotations

Branches:
Dungeon (5/15)
 Temple: D:4-7

Altars:

Annotations:
D:4 Edmund


Innate Abilities, Weirdness & Mutations

You are immune to sickness and miasma.
You are immune to poison.
Your flesh is very heat resistant. (rF++)
You are vulnerable to cold. (rC-)
You float through the air rather than walking.
You learn spells naturally, not from books.
Your magical power is your life essence.
You have superior vitality. (+4 MHP)


Message History

* * * LOW HITPOINT WARNING * * *
The foxfire hits the orc but does no damage. x2
Casting: Foxfire (safe; 6% risk of failure)
Confirm with . or Enter, or press ? or * to list all spells.
You conjure some foxfire!
* * * LOW HITPOINT WARNING * * *
Your foxfire dissipates!
The foxfire hits the orc.
The orc is heavily wounded.
Casting: Foxfire (safe; 6% risk of failure)
Confirm with . or Enter, or press ? or * to list all spells.
You miscast Foxfire.
You are very lightly contaminated with residual magic.
Nothing appears to happen.
* * * LOW HITPOINT WARNING * * *
Casting: Foxfire (safe; 6% risk of failure)
Confirm with . or Enter, or press ? or * to list all spells.
You miscast Foxfire.
Nothing appears to happen.
* * * LOW HITPOINT WARNING * * *
The orc barely misses you. The orc priest barely misses you.
The orc priest calls upon Beogh to heal the orc.
The orc's wounds heal themselves!
Aiming: Polymorph
Press: ? - help, Q - select action, (/) - cycle Shift-Dir - straight line, f - orc wizard
Aim: an orc wizard, wielding a +0 dagger of electrocution and wearing a +0 robe (will become a hobgoblin, an iguana, or a ball python, chance to affect: 49%)
The orc evaporates and reforms as a quokka!
The quokka closely misses you.
Casting: Foxfire (safe; 6% risk of failure)
Confirm with . or Enter, or press ? or * to list all spells.
You don't know that spell.
Casting: Foxfire (safe; 6% risk of failure)
Confirm with . or Enter, or press ? or * to list all spells.
You don't know that spell.
Sorry, you're not good enough to have a special ability.
Casting: Foxfire (safe; 6% risk of failure)
Confirm with . or Enter, or press ? or * to list all spells.
You conjure some foxfire!
* * * LOW HITPOINT WARNING * * *
The quokka bites you.
You die...

..........#
..###....###
#.[[.....#
#.#..#.#.#
#.#.##.#.#
#.#.##o#.#
#o#.##o#.#
#.#.##r#.#
#.#...@v.#
#.#####v##
#..<#.#
##..#.#
#.##.#
#..(.#
#.#### ###


You could see an orc priest, an orc wizard and a quokka (ally target).

Vanquished Creatures
  An adder (D:5)
  3 orcs (D:5)
  An endoplasm (D:1)
  A hobgoblin (D:1)
  6 jackals (D:1)
  A quokka (D:1)
  2 ball pythons (D:1)
  2 bats (D:1)
  A frilled lizard (D:1)
  A kobold (D:1)
  A rat (D:1)
20 creatures vanquished.

Vanquished Creatures (collateral kills)
  2 foxfires (D:1)
2 creatures vanquished.

Vanquished Creatures (others)
  65 foxfires
  3 fungi (D:1)
  4 plants (D:1)
72 creatures vanquished.

Grand Total: 94 creatures vanquished

Notes
Turn   | Place    | Note
-------+----------+-------------------------------------------
     0 | D:1      | Pinkishskies the Djinni Fire Elementalist began the quest
                  | for the Orb.
     0 | D:1      | Reached XP level 1. HP: 15/15 MP: 0/0
   286 | D:1      | Found a faded altar of an unknown god.
   322 | D:1      | Reached XP level 2. HP: 15/21 MP: 0/0
  1398 | D:2      | You are sucked into a shaft and drop 2 floors!
  1398 | D:4      | Noticed Edmund
  1412 | D:5      | Entered Level 5 of the Dungeon
  1415 | D:5      | Reached skill level 3 in Spellcasting
  1415 | D:5      | Reached XP level 3. HP: 21/25 MP: 0/0
  1415 | D:5      | Learned a level 1 spell: Animate Skeleton
  1606 | D:5      | Slain by a quokka

Illustrated notes

Levels and vault maps discovered:
D:1:      amcnicky_arrival_double_pillar, layout_loops_ring,
          shapermc_ecumenical_altar_mp_ritualfount
D:2:      layout_basic
D:4:      layout_basic, mainiacjoe_overflow_tiny_flanked,
          chequers_decorated_corner, uniq_sigmund, uniq_pikel, uniq_edmund
D:5:      layout_basic, mainiacjoe_overflow_alcove_2, uniq_blork_the_orc

Skill      XL: |  1  2 |
---------------+-------+-----
Spellcasting   | 3 |  3.2
Dodging        | |  2.3
Stealth        | |  1.7

Action                   || total
-------------------------++-------
 Cast: Foxfire           ||    54
       Scorch            ||     6
Evoke: Wand              ||     1
Dodge: Dodged            ||    16
